[Event "Titled Tuesday Blitz October 12 2021"]
[White "Urazayev, Arystanbek"]
[Black "Mezentsev, Ivan"]
[WhiteFideId "13709810"]
[BlackFideId "13706195"]
[WhiteElo "2321"]
[BlackElo "2295"]
[Result "1-0"]
[Round "11"]
[TimeControl "180+1"]
[Date "2021.10.12"]
[WhiteClock "0:00:43"]
[BlackClock "0:00:01"]

1. Nf3 Nf6 2. d4 g6 3. g3 Bg7 4. Bg2 O-O 5. O-O d6 6. c4 Nbd7 7. Nc3 e5 8. e4 exd4 9. Nxd4 Re8 10. Qc2 Nc5 11. Rd1 c6 12. h3 a5 13. Bf4 Qb6 14. Bxd6 Ncxe4 15. Nxe4 Nxe4 16. c5 Qd8 17. Bxe4 Bxh3 18. Bg2 Bg4 19. Bf3 Qg5 20. Bf4 Qh5 21. Bxg4 Qxg4 22. Qc3 g5 23. Bd6 Re4 24. f3 Rxd4 25. fxg4 Rxd1+ 26. Rxd1 Bxc3 27. bxc3 Re8 28. Rb1 Re2 29. Rxb7 Rxa2 30. Be5 f6 31. Bxf6 a4 32. Rb6 a3 33. Rxc6 Rc2 34. Ra6 a2 35. c4 Kf7 36. Bh8 Kg8 37. Ra8+ Kf7 38. c6 Rxc4 39. Rxa2 Rxc6 40. Kg2 h6 41. Bd4 Kg6 42. Rb2 h5 43. Rb6 Rxb6 44. Bxb6 hxg4 45. Kf2 Kf5 46. Ke3 Ke5 47. Bd8 Kf5 48. Kd4 Kg6 49. Ke5 Kh6 50. Kf5 Kh5 51. Be7 Kh6 52. Bxg5+ Kh5 53. Bh4 Kh6 54. Kxg4 Kg6 55. Kf4 Kh6 56. g4 Kg6 57. g5 Kh7 58. Kf5 Kg7 59. g6 Kg8 60. Kf6 Kf8 61. g7+ Kg8 62. Be1 Kh7 63. Kf7 Kh6 64. g8=Q 1-0


[Site "https://www.chess.com"]

[Event "Titled Tuesday Blitz October 12 2021"]
[White "Vokhidov, Shamsiddin"]
[Black "Siva Mahadevan"]
[WhiteFideId "14204223"]
[BlackFideId "25043153"]
[WhiteElo "2616"]
[BlackElo "2203"]
[Result "0-1"]
[Round "11"]
[TimeControl "180+1"]
[Date "2021.10.12"]
[WhiteClock "0:01:35"]
[BlackClock "0:02:04"]

1. e4 c5 2. Nf3 Nc6 3. Bb5 Na5 4. O-O a6 5. Be2 b5 6. d4 cxd4 7. Nxd4 Bb7 8. a4 b4 9. c3 e6 10. Bd2 Qb6 11. Be3 Qc7 12. cxb4 Bxb4 13. Nd2 Nf6 14. Rc1 Qb8 15. f3 O-O 16. N2b3 d5 17. Nxa5 Bxa5 18. Bg5 dxe4 19. Bxf6 gxf6 20. fxe4 Bxe4 21. Bd3 Bxd3 22. Qxd3 Rd8 23. Kh1 Bb6 24. Rc4 Qe5 25. Rd1 Rd5 0-1


[Site "https://www.chess.com"]

[Event "Titled Tuesday Blitz October 12 2021"]
[White "Volkov, Maksim"]
[Black "Assaubayeva, Bibisara"]
[WhiteFideId "54123070"]
[BlackFideId "13708694"]
[WhiteElo "2113"]
[BlackElo "2232"]
[Result "0-1"]
[Round "11"]
[TimeControl "180+1"]
[Date "2021.10.12"]
[WhiteClock "0:00:03"]
[BlackClock "0:00:16"]

1. d4 Nf6 2. c4 g6 3. Nf3 Bg7 4. g3 O-O 5. Bg2 Nc6 6. O-O d5 7. cxd5 Nxd5 8. Nc3 Nb6 9. d5 Na5 10. Qc2 c6 11. dxc6 Nxc6 12. Rd1 Bd7 13. Bf4 Rc8 14. Rac1 e5 15. Bg5 f6 16. Be3 Qe8 17. Bxb6 axb6 18. Qb3+ Be6 19. Qxb6 Qe7 20. a3 f5 21. Nd5 Bxd5 22. Rxd5 e4 23. Ne1 Ne5 24. Rdc5 Rxc5 25. Rxc5 Ng4 26. Rc7 Qd8 27. Qb3+ Kh8 28. Rxb7 Qd2 29. Qb4 Qxe2 30. h3 Qxf2+ 31. Kh1 Ne3 32. Rd7 Qxg3 33. Kg1 f4 34. Qd2 Nxg2 35. Nxg2 f3 36. Rxg7 f2+ 37. Kf1 Qxg2+ 38. Kxg2 f1=Q+ 39. Kg3 Rf3+ 40. Kh4 Qxh3+ 41. Kg5 Rf5# 0-1


[Site "https://www.chess.com"]

[Event "Titled Tuesday Blitz October 12 2021"]
[White "Wagner, Dennis"]
[Black "Viani Antonio Dcunha"]
[WhiteFideId "24650684"]
[BlackFideId "5027330"]
[WhiteElo "2355"]
[BlackElo "2366"]
[Result "0-1"]
[Round "11"]
[TimeControl "180+1"]
[Date "2021.10.12"]
[WhiteClock "0:00:26"]
[BlackClock "0:00:19"]

1. e4 e5 2. Nf3 Nc6 3. Bb5 a6 4. Ba4 Nf6 5. O-O Bc5 6. c3 b5 7. Bb3 d6 8. d4 Bb6 9. Be3 Bb7 10. dxe5 Nxe5 11. Bxb6 Nxf3+ 12. Qxf3 cxb6 13. Nd2 O-O 14. Rfe1 Re8 15. Qf4 Qc7 16. Rad1 Re7 17. f3 Rae8 18. Nf1 Qc5+ 19. Ne3 Bxe4 20. fxe4 Rxe4 21. Qxd6 Rxe3 22. Qxc5 Rxe1+ 23. Rxe1 Rxe1+ 24. Kf2 bxc5 25. Kxe1 Kf8 26. Ke2 Ke7 27. Kf3 c4 28. Bc2 Ke6 29. Kf4 h6 30. Bf5+ Kd6 31. h4 a5 32. a3 Kc5 33. Ke5 b4 34. g4 bxc3 35. bxc3 Nd5 36. g5 hxg5 37. hxg5 f6+ 38. gxf6 gxf6+ 39. Ke6 Nxc3 40. Kxf6 Nb5 41. a4 Nd4 42. Bb1 c3 43. Ke5 c2 44. Bxc2 Nxc2 45. Ke4 Kb4 46. Kd3 Na3 47. Kd2 Kxa4 48. Kc3 Nb5+ 49. Kc4 Na7 50. Kc3 Kb5 51. Kb3 Nc6 52. Ka3 a4 53. Ka2 Kb4 54. Kb2 Ne5 55. Ka2 Nf3 56. Kb2 Nd4 57. Ka2 a3 58. Kb1 Kb3 59. Ka1 Nc2+ 60. Kb1 a2+ 61. Kc1 a1=Q+ 62. Kd2 Qe1+ 0-1


[Site "https://www.chess.com"]

[Event "Titled Tuesday Blitz October 12 2021"]
[White "Weetik, Vjacheslav"]
[Black "Obregon, Andres Carlos"]
[WhiteFideId "4153472"]
[BlackFideId "111724"]
[WhiteElo "2469"]
[BlackElo "2572"]
[Result "0-1"]
[Round "11"]
[TimeControl "180+1"]
[Date "2021.10.12"]
[WhiteClock "0:00:13"]
[BlackClock "0:01:50"]

1. d4 Nf6 2. Bf4 d5 3. e3 c5 4. c3 Nc6 5. Nd2 Bf5 6. Ngf3 e6 7. Nh4 Bg4 8. Qb3 Qc8 9. h3 Bh5 10. g4 Bg6 11. Nxg6 hxg6 12. Be2 Qd7 13. Kf1 Bd6 14. Bxd6 Qxd6 15. Qxb7 Rb8 16. Qa6 Rxb2 17. Bb5 O-O 18. Rd1 cxd4 19. cxd4 Qb4 20. Bxc6 Rxd2 21. Rxd2 Qxd2 22. Kg2 Ne4 23. Rf1 f5 24. g5 f4 25. exf4 Rxf4 0-1


[Site "https://www.chess.com"]

[Event "Titled Tuesday Blitz October 12 2021"]
[White "Yaksin, Oleg"]
[Black "Kamsky, Gata"]
[WhiteFideId "24105880"]
[BlackFideId "2000024"]
[WhiteElo "2256"]
[BlackElo "2603"]
[Result "1-0"]
[Round "11"]
[TimeControl "180+1"]
[Date "2021.10.12"]
[WhiteClock "0:00:03"]
[BlackClock "0:00:01"]

1. d4 Nf6 2. c4 g6 3. g3 Bg7 4. Bg2 O-O 5. Nc3 c6 6. e4 d6 7. Nf3 Bg4 8. h3 Bxf3 9. Bxf3 Qb6 10. O-O Nfd7 11. Ne2 c5 12. Be3 Nc6 13. dxc5 Nxc5 14. Rb1 Ne5 15. Nc3 Nxc4 16. Bxc5 dxc5 17. Nd5 Qd6 18. Qc2 Ne5 19. Bg2 e6 20. Ne3 Nc6 21. Nc4 Qe7 22. f4 Bd4+ 23. Kh2 b5 24. Nd2 c4 25. e5 Nb4 26. Qe4 Rad8 27. a3 Nd3 28. b3 Nc5 29. Qc2 Be3 30. Ne4 cxb3 31. Rxb3 Nxb3 32. Qxb3 Bb6 33. Nf6+ Kg7 34. Qxb5 Rd2 35. Qb3 Rc8 36. Rd1 Rxd1 37. Qxd1 Qxa3 38. h4 h5 39. Nxh5+ gxh5 40. Qxh5 Qe7 41. Be4 Rh8 42. Qg4+ Kf8 43. h5 Qc5 44. Qg5 Qe7 45. Qg4 f5 46. exf6 Qxf6 47. Kg2 Rg8 48. Bg6 Rxg6 49. hxg6 Kg7 50. Qh5 Qxg6 51. Qe5+ Qf6 52. Qb5 Qd4 53. Kh3 Qd5 54. Qe8 Qf5+ 55. Kg2 Qf7 56. Qc6 Qe7 57. Qb5 Bd4 58. Qc4 Bf6 59. Qa6 Qd7 60. Kh3 e5+ 61. Kg2 e4 62. Qc4 e3 63. Kf3 Qe7 64. Qd3 1-0


[Site "https://www.chess.com"]

[Event "Titled Tuesday Blitz October 12 2021"]
[White "Yilmaz, Mustafa"]
[Black "Gaehwiler, Gabriel"]
[WhiteFideId "6302718"]
[BlackFideId "1314530"]
[WhiteElo "2518"]
[BlackElo "2320"]
[Result "1-0"]
[Round "11"]
[TimeControl "180+1"]
[Date "2021.10.12"]
[WhiteClock "0:01:15"]
[BlackClock "0:00:46"]

1. c4 g6 2. d4 Bg7 3. Nf3 Nf6 4. Nc3 O-O 5. e4 d6 6. Be2 e5 7. O-O Bg4 8. d5 a5 9. Bg5 Na6 10. Ne1 Bd7 11. Nd3 h6 12. Be3 Qe8 13. c5 Nh7 14. cxd6 cxd6 15. Bb6 f5 16. Bxa5 Nf6 17. f3 g5 18. b4 g4 19. Rc1 g3 20. hxg3 Qg6 21. exf5 Qxg3 22. Ne4 Nxe4 23. fxe4 Qe3+ 24. Nf2 b6 25. b5 Bxb5 26. Bxb5 bxa5 27. Bxa6 Rxa6 28. Rc7 Rb6 29. Qg4 Qg5 30. Qxg5 hxg5 31. Ng4 Rb4 32. f6 1-0


[Site "https://www.chess.com"]

[Event "Titled Tuesday Blitz October 12 2021"]
[White "Zhigalko, Sergei"]
[Black "Sviridov, Valery"]
[WhiteFideId "13502956"]
[BlackFideId "4120680"]
[WhiteElo "2662"]
[BlackElo "2454"]
[Result "1/2-1/2"]
[Round "11"]
[TimeControl "180+1"]
[Date "2021.10.12"]
[WhiteClock "0:00:06"]
[BlackClock "0:01:11"]

1. e4 Nf6 2. e5 Nd5 3. d4 d6 4. Nf3 dxe5 5. Nxe5 c6 6. Be2 Nd7 7. Nf3 N7f6 8. O-O Bg4 9. c4 Nb6 10. Nbd2 e6 11. b3 Be7 12. Bb2 O-O 13. h3 Bh5 14. Ne5 Bxe2 15. Qxe2 Qc7 16. Ndf3 Rad8 17. Rfe1 Nbd7 18. Nd3 Rfe8 19. Rad1 c5 20. g3 b6 21. h4 h6 22. Nfe5 cxd4 23. Bxd4 Nxe5 24. Nxe5 Qb7 25. Rd3 Bf8 26. Red1 Ne4 27. Be3 Rxd3 28. Qxd3 Nf6 29. Bf4 Be7 30. Qf3 Qxf3 31. Nxf3 Rc8 32. Be5 Kf8 33. Bxf6 Bxf6 34. Rd7 a5 35. Rb7 Rc6 36. Kf1 Rd6 37. Ke2 g6 38. Nd2 Bd4 39. Ne4 Rd8 40. Nd2 Bc3 41. Nf3 Rd6 42. Ke3 Kg7 43. Ke2 Kf6 44. Ke3 Kg7 45. Ke2 Kf6 46. Ke3 Kg7 1/2-1/2